 Dungeon Crawl Stone Soup version 0.31-a0-1576-ga3383bade6 (webtiles) character file.

Game seed: 15366869238743174682

2185 Dirtsage the Changeling (level 9, -6/61 HPs)
             Began as an Octopode Shapeshifter on Jan 5, 2024.
             Was a Believer of the Shining One.
             Mangled by an orc warrior
             ... wielding a +1 vampiric trident
              (7 damage)
             ... on level 8 of the Dungeon.
             The game lasted 00:10:43 (6615 turns).

Dirtsage the Changeling (Octopode Shapeshifter)     Turns: 6615, Time: 00:10:44

Health: -6/61      AC:  1    Str: 15    XL:     9   Next: 33%
Magic:  10/10      EV: 15    Int: 12    God:    the Shining One [**....]
Gold:   355        SH:  0    Dex: 14    Spells: 8/8 levels left

rFire   . .          .
                       - Unarmed
rCold   . . .        (no shield)
rNeg    + . .        (helmet currently unavailable)
rPois   .            p - amulet of faith
rElec   .            C - ring of resist corrosion
rCorr   +            (no ring)
SInv    .            (no ring)
Will    .....        (no ring)
Stlth   +            (no ring)
HPRegen 0.30/turn    (no ring)
MPRegen 0.12/turn    (no ring)
                     (no ring)

%: faith
@: beast-form, glowing
A: beast (slay +4), almost no armour, amphibious, 8 rings, camouflage 1,
gelatinous body 1, (nimble swimmer 1), tentacles
a: Begin Untransformation, Renounce Religion, Divine Shield


You were on level 8 of the Dungeon.
You worshipped the Shining One.
The Shining One was pleased with you.
You were a hulking beast.
You visited 2 branches of the dungeon, and saw 9 of its levels.
You also visited: Sewer.

You collected 355 gold pieces.

Inventory:

Missiles
 m - a throwing net
Magical Staves
 g - a staff of earth
 H - a staff of conjuration
Jewellery
 p - an amulet of faith (around mantle)
 B - a ring of fire
 C - a ring of resist corrosion (left tentacle)
Talismans
 b - a beast talisman
 c - a flux talisman
 d - a blade talisman
 q - a maw talisman
Wands
 t - a wand of light (6)
 D - a wand of flame (3)
 L - a wand of iceblast (4)
Scrolls
 e - 2 scrolls of vulnerability {unknown}
 h - 2 scrolls of blinking {unknown}
 j - 3 scrolls of immolation {unknown}
 k - 3 scrolls of teleportation {unknown}
 l - 2 scrolls of noise {unknown}
 n - a scroll of brand weapon {unknown}
 r - a scroll of torment {unknown}
 s - 4 scrolls of identify {unknown}
 y - a scroll of fog {unknown}
 z - a scroll of silence {unknown}
 E - a scroll of enchant weapon {unknown}
 F - a scroll of acquirement {unknown}
 I - a scroll of poison {unknown}
 K - 2 scrolls of enchant armour {unknown}
Potions
 a - 3 potions of lignification
 f - a potion of mutation {unknown}
 i - a potion of degeneration {unknown}
 o - 2 potions of curing {unknown}
 u - a potion of berserk rage {unknown}
 v - 2 potions of cancellation {unknown}
 w - 2 potions of attraction {unknown}
 x - 2 potions of heal wounds {unknown}
 A - a potion of ambrosia {unknown}
 G - 2 potions of resistance {unknown}
 J - a potion of might {unknown}


   Skills:
 + Level 5.2 Fighting
 + Level 5.7 Dodging
 + Level 6.0 Unarmed Combat
 + Level 1.9 Invocations
 * Level 7.5 Shapeshifting


You had 8 spell levels left.
You didn't know any spells.
Your spell library contained the following spells:

 Spells                   Type           Power      Damage    Failure   Level
 Ensorcelled Hibernation  Hex/Ice        0%         N/A       45%         2
 Mercury Vapours          Alch/Air       0%         N/A       45%         2
 Dazzling Flash           Conj/Hex       0%         N/A       69%         3
 Fugue of the Fallen      Necr           0%         N/A       69%         3
 Hailstorm                Conj/Ice       0%         3d5       69%         3
 Mephitic Cloud           Conj/Alch/Air  0%         N/A       69%         3
 Summon Ice Beast         Ice/Summ       0%         N/A       69%         3
 Tukima's Dance           Hex            0%         N/A       69%         3
 Volatile Blastmotes      Fire/Tloc      0%         2d10      69%         3
 Anguish                  Hex/Necr       0%         N/A       97%         4
 Passage of Golubria      Tloc           0%         N/A       97%         4
 Freezing Cloud           Conj/Ice/Air   0%         6-21      100%        5
 Yara's Violent Unravell  Hex/Alch       0%         3d3       100%        5
 Sculpt Simulacrum        Ice/Alch       0%         N/A       100%        6
 Starburst                Conj/Fire      0%         6d3       100%        6
 Maxwell's Capacitive Co  Air            0%         ∞         100%        8


Dungeon Overview and Level Annotations

Branches:
Dungeon (8/15)             Temple (1/1) D:7           Sewer (visited)
   Lair: D:8-11

Altars:
Ashenzari
Dithmenos
Elyvilon
Fedhas
Gozag
Hepliaklqana
Kikubaaqudgha
Makhleb
Okawaru
Qazlal
Ru
Sif Muna
Trog
Uskayaw
Xom
Zin
The Shining One

Annotations:
D:8 Prince Ribbit


Innate Abilities, Weirdness & Mutations

You are a hulking beast.
Your limbs bulge with bestial killing power. (Slay +4)
You cannot wear most types of armour.
You are amphibious.
You can wear up to eight rings at the same time.
Your skin changes colour to match your surroundings (Stealth+).
Your rubbery body absorbs attacks. (AC +1, EV +1)
((You are camouflaged when in or above water. (Stealth+)))
You have tentacles for arms and can constrict up to eight enemies at once.


Message History

You kill the orc!
The orc hits you with a +0 club.
You take 3 damage, and have 56/61 hp.
The gnoll attacks as it pursues you! The gnoll closely misses you.
The orc warrior shouts!
You hear a croak.
The gnoll shouts!
You hear a shout!
The gnoll attacks as it pursues you! The gnoll completely misses you.
A steam dragon comes into view.
The gnoll attacks as it pursues you! The gnoll barely misses you.
You tentacle-slap the gnoll. You grab the gnoll.
The gnoll is moderately wounded.
You constrict the gnoll. The gnoll completely misses you.
The steam dragon breathes steam at you. The ball of steam hits you!!
You take 20 damage, and have 37/61 hp.
MASSIVE DAMAGE!!
You bludgeon the gnoll!
You kill the gnoll!
You are engulfed in a cloud of scalding steam.
A bullfrog comes into view.
You take 9 damage, and have 28/61 hp.
Prince Ribbit and an orc come into view.
You are engulfed in a cloud of scalding steam.
* * * LOW HITPOINT WARNING * * *
Prince Ribbit croaks.
Prince Ribbit asks, "Just a little smooch?"
The orc warrior barely misses you. The gnoll hits you with a +0 whip!
* * * LOW HITPOINT WARNING * * *
The orc closely misses you. The gnoll hits you with a +0 club.
* * * LOW HITPOINT WARNING * * *
Things that are here:
a +0 flail; a gnoll corpse You take 26 damage, and have 2/61 hp.
MASSIVE DAMAGE!!
The bullfrog croaks.
The orc shouts!
You tentacle-slap the orc. You grab the orc.
The orc is heavily wounded.
You are engulfed in a cloud of scalding steam.
* * * LOW HITPOINT WARNING * * *
You constrict the orc.
The orc warrior hits you from afar with a +1 vampiric trident!
You die...

.######+####........
.....$....+.........
..........#.........
..........#.......##
.../......#.........
..........#.......##
.D.§§...§§#.<.).....
#§§.§#o....####..
######h.....#
#....ggg#+#..#
#....o).# ..#
#.......# ..+
#...F........#
##...###....## #.o.
....# ..... ....#
.##... ....#


You could see Prince Ribbit, an orc warrior, 3 gnolls and 2 orcs.

Vanquished Creatures
  A steam dragon (D:6)
  2 water moccasins (D:7)
  A sky beast (D:6)
  A black bear (D:5)
  2 ice beasts
  2 ogres
  A phantom (D:6)
  A centaur (D:7)
  5 scorpions (D:5)
  2 hounds (D:5)
  2 jellies
  A gnoll bouda (D:5)
  7 orc priests
  3 iguanas
  2 sleepcaps
  3 orc wizards
  A hell rat (Sewer)
  4 gnolls
  A river rat (Sewer)
  5 adders
  3 shadow imps
  2 ufetubi (D:5)
  7 dart slugs
  6 ribbon worms
  19 orcs
  6 ball pythons
  9 endoplasms
  2 giant cockroaches
  10 goblins
  8 hobgoblins
  7 jackals
  4 quokkas
  6 bats
  4 frilled lizards
  5 kobolds
  8 rats
153 creatures vanquished.

Notes
Turn   | Place    | Note
-------+----------+-------------------------------------------
     0 | D:1      | Dirtsage the Octopode Shapeshifter began the quest for the
                  | Orb.
     0 | D:1      | Reached XP level 1. HP: 13/13 MP: 1/1
   102 | D:1      | Reached XP level 2. HP: 15/18 MP: 2/2
   708 | D:1      | Reached XP level 3. HP: 23/23 MP: 3/3
  1251 | D:2      | Reached XP level 4. HP: 29/29 MP: 4/4
  1616 | D:3      | Found a blossoming altar of Fedhas.
  1790 | D:3      | Found a white marble altar of Elyvilon.
  1855 | D:3      | Became a worshipper of Elyvilon the Healer
  2117 | D:3      | Reached skill level 4 in Shapeshifting
  2117 | D:3      | Reached XP level 5. HP: 34/34 MP: 5/5
  2510 | D:4      | Reached * piety under Elyvilon
  2786 | D:4      | Reached ** piety under Elyvilon
  2848 | D:4      | Reached XP level 6. HP: 41/41 MP: 6/6
  2954 | D:4      | Found a glowing drain.
  2971 | Sewer    | Entered a sewer
  3248 | D:4      | Found a glowing golden altar of the Shining One.
  3251 | D:4      | Fell from the grace of Elyvilon
  3251 | D:4      | Became a worshipper of the Shining One
  3251 | D:4      | Reached * piety under the Shining One
  3851 | D:5      | Entered Level 5 of the Dungeon
  3871 | D:5      | Reached skill level 5 in Shapeshifting
  3871 | D:5      | Reached XP level 7. HP: 35/46 MP: 7/7
  4170 | D:5      | Reached XP level 8. HP: 54/54 MP: 8/8
  4242 | D:5      | Reached skill level 6 in Shapeshifting
  4404 | D:5      | Reached skill level 5 in Unarmed Combat
  4747 | D:6      | Reached ** piety under the Shining One
  5194 | D:6      | Reached skill level 5 in Dodging
  5541 | D:6      | Found an ancient bone altar of Kikubaaqudgha.
  5556 | D:6      | Reached skill level 7 in Shapeshifting
  5891 | D:7      | Found a staircase to the Ecumenical Temple.
  5896 | D:7      | Reached XP level 9. HP: 57/60 MP: 9/9
  5907 | Temple   | Entered the Ecumenical Temple
  5986 | D:7      | Reached skill level 5 in Fighting
  5986 | D:7      | Reached skill level 1 in Invocations
  6614 | D:8      | Noticed Prince Ribbit
  6614 | D:8      | HP: 2/61 [gnoll/+0 club[a gnoll sergeant] (3)]
  6615 | D:8      | Mangled by an orc warrior

Illustrated notes

Levels and vault maps discovered:
D:1:      roderic_crossed_star, layout_loops_corners
D:2:      layout_rooms, serial_aquarium, aquarium_bridge_straight
          [aquarium_subvault_bridge, aquarium_subvault_wall,
          aquarium_subvault_bridge, aquarium_subvault_wall],
          aquarium_bridge_long_joined [aquarium_subvault_wall,
          aquarium_subvault_wall, aquarium_subvault_bridge,
          aquarium_subvault_wall, aquarium_subvault_balcony,
          aquarium_subvault_window], aquarium_window_fake, aquarium_window_1,
          aquarium_view_2b, aquarium_pool_2, hangedman_decor_opposing,
          minmay_pentomino_z2
D:3:      layout_loops_ring, mainiacjoe_overflow_tiny_flanked,
          mainiacjoe_overflow_six_doors_small, minmay_fountain_box
D:4:      layout_layer_cave, kennysheep_mini, cheibrodos_sewer_entry_drain
D:5:      layout_rooms
D:6:      layout_basic, mainiacjoe_overflow_catwalk
D:7:      layout_loops_ring, temple_pool_b
D:8:      layout_gridville, kennysheep_mini_moat, corner_web_ring,
          uniq_prince_ribbit1
Temple:   dshaligram_water_room_temple

Skill      XL: |  1  2  3  4  5  6  7  8  9 |
---------------+----------------------------+-----
Fighting       | 2 3 4 5 |  5.2
Shapeshifting  | 4 5 7 |  7.5
Dodging        | 3 4 5 |  5.7
Unarmed Combat | 4 5 6 |  6.0
Invocations    | 1 |  1.9

Action                     |  1- 3 |  4- 6 |  7- 9 || total
---------------------------+-------+-------+-------++-------
  Melee: Unarmed           |    80 |   133 |   130 ||   343
         Tentacles         |    12 |    26 |    41 ||    79
         Constrict         |    16 |    35 |    34 ||    85
         Punch             |     3 |     5 |     5 ||    13
  Evoke: Wand              |       |       |     2 ||     2
   Stab: Sleeping          |     8 |    10 |       ||    18
         Distracted        |       |     1 |       ||     1
 Armour: Skin              |    25 |    50 |    59 ||   134
  Dodge: Dodged            |    47 |    45 |    64 ||   156

Table legend: (Time is in decaauts)
 A = Elapsed time spent in this place.
 B = Non-inter-level travel time spent in this place.
 C = Inter-level travel time spent in this place.
 D = Time resting spent in this place.
 E = Time spent auto-exploring this place.
 F = Levels seen in this place.
 G = Mean time per level.
                   A        B        C        D        E       F      G
               +--------+--------+--------+--------+--------+-----+--------+
         Total |   6584 |   6220 |    364 |     88 |   4945 |  10 |  658.4 |
       Dungeon |   6404 |   6040 |    364 |     88 |   4814 |   8 |  800.5 |
        Temple |      1 |      1 |      0 |      0 |      0 |   1 |    1.0 |
         Sewer |    178 |    178 |      0 |      0 |    131 |   1 |  178.0 |
               +--------+--------+--------+--------+--------+-----+--------+

Top non-repeatable levels by time:
     D:6: 1293 daAuts
     D:4: 1237 daAuts
     D:3: 942 daAuts
     D:1: 840 daAuts
     D:7: 742 daAuts
     D:2: 691 daAuts
     D:5: 641 daAuts
   Sewer: 178 daAuts
     D:8: 14 daAuts
  Temple: 1 daAuts
